 Dungeon Crawl Stone Soup version 0.28-a0-1128-gb845255321 (webtiles) character file.

Game seed: 9867082626503206370

37 BinkBink the Poker (level 3, -3/33 HPs)
             Began as a Minotaur Monk on Dec 12, 2021.
             Was a Priest of Lugonu.
             Slain by Crazy Yiuf (7 damage)
             ... on level 2 of the Dungeon.
             The game lasted 00:01:28 (1280 turns).

BinkBink the Poker (Minotaur Monk)                  Turns: 1280, Time: 00:01:29

Health: -3/33      AC:  5    Str: 15    XL:     3   Next: 21%
Magic:  2/2        EV: 13    Int:  7    God:    Lugonu [***...]
Gold:   80         SH:  0    Dex: 14    Spells: 2/2 levels left

rFire   . . .      SeeInvis .   a - +0 spear
rCold   . . .      Faith    .   (no shield)
rNeg    . . .      Spirit   .   b - +0 robe
rPois   .          Reflect  .   (helmet restricted)
rElec   .          Harm     .   (no cloak)
rCorr   .          Rampage  .   d - +2 pair of gloves
Will    .....                   (no boots)
Stlth   ++........              (no amulet)
HPRegen 0.11/turn               (no ring)
MPRegen 0.08/turn               (no ring)

@: no status effects
A: horns 2, retaliatory headbutt
a: Renounce Religion, Depart the Abyss, Bend Space, Banish


You were on level 2 of the Dungeon.
You worshipped Lugonu.
Lugonu was most pleased with you.
You visited 1 branch of the dungeon, and saw 2 of its levels.

You collected 80 gold pieces.

Inventory:

Hand Weapons
 a - a +0 spear (weapon)
Armour
 b - a +0 robe (worn)
 d - a +2 pair of gloves (worn)
Scrolls
 c - a scroll of enchant armour {unknown}
 e - 2 scrolls of identify {unknown}
 f - a scroll of fear {unknown}
 g - a scroll of acquirement {unknown}


   Skills:
 + Level 4.1 Fighting
 + Level 4.2 Polearms
 * Level 1.2 Armour
 + Level 3.6 Dodging
 - Level 1.5 Stealth


You had 2 spell levels left.
You didn't know any spells.
Your spell library contained the following spells:

 Spells                   Type           Power      Damage    Failure   Level
 Sublimation of Blood     Necr           0%         N/A       56%         2
 Wereblood                Tmut           0%         N/A       56%         2
 Summon Hydra             Summ           0%         N/A       100%        7


Dungeon Overview and Level Annotations

Branches:
Dungeon (2/15)

Altars:
Lugonu

Shops:
D:1 :

Annotations:
D:2 Crazy Yiuf


Innate Abilities, Weirdness & Mutations

You have a pair of horns on your head.
You reflexively headbutt those who attack you in melee.


Message History

The helpless rat fails to defend itself.
You hit the rat but do no damage. You hit the rat.
You kill the rat!
Lugonu accepts your kill.
No target in view!
No target in view!
You see here a rat corpse.
Found a stone staircase leading up.
Found a stone staircase leading down.
Found a mace.
Found a runed translucent door.
No target in view!
No target in view!
No target in view!
No target in view!
Crazy Yiuf shouts!
Crazy Yiuf yells, "Line leg chair!"
You open the door. You closely miss Crazy Yiuf.
You headbutt Crazy Yiuf, but do no damage.
Crazy Yiuf whimpers, "Powder!
Shower mumblescurry alas."
Crazy Yiuf hits you with a +3 quarterstaff of chaos!
You hit Crazy Yiuf. You headbutt Crazy Yiuf.
Crazy Yiuf is lightly wounded.
You hit Crazy Yiuf.
You headbutt Crazy Yiuf, but do no damage.
Crazy Yiuf is moderately wounded.
Crazy Yiuf hits you with a +3 quarterstaff of chaos!
You are electrocuted!
* * * LOW HITPOINT WARNING * * *
You are too injured to fight recklessly!
You are too injured to fight recklessly!
You are too injured to fight recklessly!
You are too injured to fight recklessly!
You are too injured to fight recklessly!
You hit Crazy Yiuf. Your headbutt misses Crazy Yiuf.
Crazy Yiuf is heavily wounded.
Crazy Yiuf yells, "Fire senile tortoise!"
Crazy Yiuf hits you with a +3 quarterstaff of chaos!
You die...

♣♣♣♣♣### #.# ###
♣♣♣.♣.P+.## ##.#
#...#♣..♣..P...## #..#
#...g@♣♣♣♣P.....# ######..#
#)..#♣♣ ♣♣P+...# #.......#
### ♣♣##..# ###.#<...# #.##
#......#.# #.#
#.###....################.#
#......##.......#.........#
#......#######.##.#########
..............>.#.#


You could see Crazy Yiuf.

Vanquished Creatures
  3 dart slugs (D:1)
  2 bats (D:1)
  3 endoplasms
  2 giant cockroaches (D:1)
  5 goblins
  A hobgoblin (D:1)
  4 quokkas
  2 ball pythons
  3 frilled lizards (D:1)
  4 rats
29 creatures vanquished.

Notes
Turn   | Place    | Note
-------+----------+-------------------------------------------
     0 | D:1      | BinkBink the Minotaur Monk began the quest for the Orb.
     0 | D:1      | Reached XP level 1. HP: 19/19 MP: 0/0
   135 | D:1      | Reached XP level 2. HP: 27/27 MP: 1/1
   276 | D:1      | Found Zegop's Book Shoppe.
   288 | D:1      | Reached skill level 1 in Armour
   908 | D:1      | Reached XP level 3. HP: 33/33 MP: 2/2
  1010 | D:2      | Found a faded altar of an unknown god.
  1081 | D:2      | Prayed at the altar of an unknown god.
  1081 | D:2      | Became a worshipper of Lugonu the Unformed
  1081 | D:2      | Reached * piety under Lugonu
  1081 | D:2      | Reached ** piety under Lugonu
  1081 | D:2      | Reached *** piety under Lugonu
  1272 | D:2      | Found a runed translucent door.
  1273 | D:2      | Noticed Crazy Yiuf
  1280 | D:2      | Slain by Crazy Yiuf

Illustrated notes

Levels and vault maps discovered:
D:1:      beargit_arrival_diablo_church, layout_basic, serial_shops,
          nicolae_shop_advertising_works [nicolae_subvault_shop_adworks],
          amcnicky_mini_corridor_feature
D:2:      layout_basic, shapermc_ecumenical_altar_totnotflames,
          uniq_crazy_yiuf_cottage

Skill      XL: |  1  2 |
---------------+-------+-----
Polearms       | 4 |  4.2
Armour         | 1 |  1.2
Fighting       | 4 |  4.1
Dodging        | |  3.6
Stealth        | |  1.5

Action                   || total
-------------------------++-------
Melee: Spear             ||    80
       Headbutt          ||    11
 Stab: Sleeping          ||     6
Armor: Robe              ||    15
Dodge: Dodged            ||    25

Table legend: (Time is in decaauts)
 A = Elapsed time spent in this place.
 B = Non-inter-level travel time spent in this place.
 C = Inter-level travel time spent in this place.
 D = Time resting spent in this place.
 E = Time spent auto-exploring this place.
 F = Levels seen in this place.
 G = Mean time per level.
                   A        B        C        D        E       F      G
               +--------+--------+--------+--------+--------+-----+--------+
         Total |   1272 |   1260 |     12 |      0 |   1038 |   2 |  636.0 |
       Dungeon |   1272 |   1260 |     12 |      0 |   1038 |   2 |  636.0 |
               +--------+--------+--------+--------+--------+-----+--------+

Top non-repeatable levels by time:
     D:1: 942 daAuts
     D:2: 329 daAuts
